 Dungeon Crawl Stone Soup version 0.30.0-17-ge0270778cf (webtiles) character file.

Game seed: 2157523195987165896

33372 GloriousHammer the Grappler (level 13, -1/133 HPs)
             Began as a Troll Fighter on May 22, 2023.
             Was a High Priest of Wu Jian.
             Slain by a lindwurm (6 damage)
             ... while petrified by a basilisk
             ... on level 5 of the Lair of Beasts.
             The game lasted 00:36:11 (14112 turns).

GloriousHammer the Grappler (Troll Fighter)        Turns: 14112, Time: 00:36:11

Health: -1/133     AC: 13    Str: 27    XL:     13   Next: 36%
Magic:  12/12      EV:  1    Int:  5    God:    Wu Jian [*****.]
Gold:   757        SH:  0    Dex: 11    Spells: 12/12 levels left

rFire   + .          .
                       - Unarmed
rCold   . . .        b - +0 kite shield
rNeg    + + +        M - +0 swamp dragon scales
rPois   ∞            h - +1 hat
rElec   .            u - +1 cloak
rCorr   .            (gloves unavailable)
SInv    .            (boots unavailable)
Will    +....        P - amulet of reflection
Stlth   ++           A - ring of Byprafo {Will+ Int-3 Dex+2 Stlth+}
HPRegen 1.22/turn    F - ring of protection from fire
MPRegen 0.13/turn

%: reflection
@: petrified
A: large, unfitting armour, claws 3, regeneration 1, shaggy fur 1, tough skin 1
a: Renounce Religion, Wall Jump, Serpent's Lash, Heavenly Storm


You were on level 5 of the Lair of Beasts.
You worshipped Wu Jian.
Wu Jian was extremely pleased with you.
You visited 2 branches of the dungeon, and saw 15 of its levels.
You also visited: Sewer, Ossuary, Bailey and Gauntlet.

You collected 757 gold pieces.

Inventory:

Missiles
 s - 49 poisoned darts
 O - 3 large rocks (quivered)
 R - 6 javelins
Armour
 b - a +0 kite shield (worn)
 h - a +1 hat (worn)
 u - a +1 cloak (worn)
 G - a +2 robe of cold resistance
 M - +0 swamp dragon scales (worn)
Jewellery
 c - a ring of ice
 A - the ring of Byprafo (left claw) {Will+ Int-3 Dex+2 Stlth+}
   (You found it in a Gauntlet)

   [ring of willpower]

   Int:       It affects your intelligence (-3).
   Dex:       It affects your dexterity (+2).
   Will:      It increases your willpower.
   Stlth:     It makes you more stealthy.
 C - a ring of ice
 F - a ring of protection from fire (right claw)
 P - an amulet of reflection (around neck)
Wands
 a - a wand of digging (6)
 p - a wand of flame (5)
 y - a wand of roots (18)
 B - a wand of mindburst (14)
Scrolls
 e - 6 scrolls of teleportation
 j - a scroll of summoning
 k - 3 scrolls of immolation
 l - 4 scrolls of vulnerability
 o - 2 scrolls of blinking
 t - 2 scrolls of enchant armour
 v - a scroll of amnesia
 D - 3 scrolls of fog
 H - a scroll of silence {unknown}
 I - a scroll of identify
 N - 3 scrolls of brand weapon {unknown}
 Q - a scroll of enchant weapon {unknown}
 U - a scroll of poison {unknown}
Potions
 d - 2 potions of lignification {unknown}
 f - 10 potions of heal wounds
 g - 8 potions of magic
 i - 10 potions of brilliance
 m - 6 potions of might
 n - 10 potions of curing
 q - 8 potions of resistance {unknown}
 r - 5 potions of mutation {unknown}
 w - 2 potions of haste
 x - 4 potions of attraction {unknown}
 z - a potion of ambrosia {unknown}
 E - 2 potions of flight {unknown}
 K - a potion of berserk rage {unknown}
 L - a potion of invisibility {unknown}
Miscellaneous
 J - a box of beasts
 S - a lightning rod (4/4)
 T - a phantom mirror


   Skills:
 + Level 10.0 Fighting
 - Level 3.0 Armour
 + Level 7.4 Dodging
 + Level 10.9 Shields
 * Level 14.2 Unarmed Combat


You had 12 spell levels left.
You didn't know any spells.
Your spell library contained the following spells:

 Spells                   Type           Power      Damage    Failure   Level
 Apportation              Tloc           0%         N/A       77%         1
 Necrotise                Necr           0%         1d4       77%         1
 Slow                     Hex            0%         N/A       77%         1
 Summon Small Mammal      Summ           0%         N/A       77%         1
 Confusing Touch          Hex            0%         N/A       98%         3
 Portal Projectile        Hex/Tloc       0%         N/A       98%         3
 Tukima's Dance           Hex            0%         N/A       98%         3
 Vampiric Draining        Necr           0%         2d6       98%         3
 Animate Armour           Summ/Erth      0%         N/A       100%        4
 Animate Dead             Necr           0%         N/A       100%        4
 Agony                    Necr           0%         N/A       100%        5
 Blade Hands              Tmut           0%         N/A       100%        5
 Borgnjor's Vile Clutch   Necr/Erth      0%         N/A       100%        5
 Death Channel            Necr           0%         N/A       100%        6
 Iron Shot                Conj/Erth      0%         9d1       100%        6


Dungeon Overview and Level Annotations

Branches:
Dungeon (10/15)            Temple (0/1) D:6            Lair (5/5) D:8
  Swamp (0/4) Lair:3       Spider (0/4) Lair:3        Slime (0/5) Lair:4
  Sewer (visited)         Ossuary (visited)          Bailey (visited)
Gauntlet (visited)
    Orc: D:9-12

Altars:
Fedhas
Gozag
Hepliaklqana
Kikubaaqudgha
Makhleb
Nemelex Xobeh
Okawaru
Qazlal
Trog
Uskayaw
Wu Jian
Yredelemnul
Zin
The Shining One
Jiyva

Annotations:
D:10 Psyche


Innate Abilities, Weirdness & Mutations

You are too large for most types of armour.
You have claws for hands.
Your natural rate of healing is unusually fast.
You are covered in fur. (AC +1)
You have tough skin. (AC +1)


Message History

The blink frog blinks!
You lunge at the blink frog, in a flurry of attacks.
You claw the blink frog!
The blink frog is heavily wounded.
You claw the blink frog!
The blink frog is almost dead.
The blink frog blinks!
The blink frog croaks.
You hear a loud, deep croak!
You hear a croak.
You hear an angry hiss.
You hear a roar!
The blink frog blinks!
You see here a wand of mindburst (5).
You scratch the blink frog.
The blink frog is lightly wounded.
The blink frog hits you!
You claw the blink frog!
The blink frog is heavily wounded.
A blink frog comes into view.
The blink frog hits you.
You scratch the blink frog but do no damage.
The blink frog is heavily wounded.
A blink frog comes into view.
You block the blink frog's attack.
A basilisk comes into view.
You closely miss the blink frog.
The blink frog is heavily wounded.
The blink frog blinks!
The blink frog hits you but does no damage.
A lindwurm comes into view.
The basilisk hisses angrily.
The lindwurm roars!
You mangle the blink frog!!
You kill the blink frog!
The Council accepts your kill.
The blink frog blinks!
You lunge at the blink frog.
You barely miss the blink frog. You block the blink frog's attack. x2
You mangle the blink frog!!
The blink frog is severely wounded.
The blink frog blinks!
You eviscerate the blink frog!!!
You kill the blink frog!
The Council accepts your kill.
The blink frog blinks!
You block the blink frog's attack.
The blink frog blinks!
The basilisk gazes at you.
You are slowing down.
You closely miss the basilisk. You block the blink frog's attack.
The basilisk gazes at you. You resist with almost no effort.
The blink frog hits you!
Your limbs are stiffening.
You scratch the basilisk but do no damage.
The blink frog barely misses you.
The blink frog blinks!
The lindwurm bites you! The lindwurm claws you.
The lindwurm claws you but does no damage.
The basilisk bites you! The blink frog barely misses you.
The basilisk gazes at you. You resist with almost no effort.
The lindwurm bites you! The lindwurm claws you.
You block the lindwurm's attack.
You have turned to stone.
The blink frog hits you but does no damage.
The basilisk bites you but does no damage.
The lindwurm bites you. The lindwurm claws you.
The lindwurm claws you but does no damage.
The blink frog hits you but does no damage.
The blink frog blinks!
The blink frog hits you but does no damage.
The basilisk bites you but does no damage.
The blink frog hits you but does no damage.
The lindwurm bites you.
The lindwurm claws you but does no damage. x2
The blink frog hits you but does no damage.
The blink frog blinks!
The blink frog hits you! The basilisk bites you. The lindwurm bites you.
The lindwurm claws you.
The lindwurm claws you but does no damage.
The blink frog hits you.
The blink frog hits you but does no damage.
The basilisk gazes at you. You resist with almost no effort.
The lindwurm bites you.
The lindwurm claws you but does no damage. x2
The blink frog hits you.
The blink frog blinks!
The blink frog blinks!
The blink frog hits you!
The blink frog blinks!
The blink frog hits you!
The blink frog blinks!
The blink frog hits you but does no damage.
The basilisk bites you!
The lindwurm bites you but does no damage.
The lindwurm claws you.
The lindwurm claws you but does no damage.
The blink frog blinks!
The blink frog hits you but does no damage.
The basilisk bites you! The lindwurm bites you! The lindwurm claws you.
The lindwurm claws you but does no damage.
The blink frog hits you but does no damage.
The blink frog completely misses you. The lindwurm bites you!
The lindwurm claws you but does no damage. x2
The basilisk bites you! The blink frog hits you!
The blink frog blinks!
The blink frog hits you but does no damage.
The basilisk bites you!
The lindwurm bites you but does no damage.
The lindwurm claws you but does no damage. x2
You turn to flesh and can move again.
You fail to use your ability.
You block the blink frog's attack.
The blink frog hits you but does no damage.
The basilisk gazes at you.
You are slowing down.
The lindwurm barely misses you. You block the lindwurm's attack.
The lindwurm claws you but does no damage.
The blink frog hits you!
* * * LOW HITPOINT WARNING * * *
The blink frog blinks!
Unknown command.
As you read the scroll of summoning, it crumbles to dust.
Wisps of shadow whirl around you... The blink frog hits you!
* * * LOW HITPOINT WARNING * * *
The blink frog hits your cane toad.
The blink frog blinks!
The lindwurm barely misses you. You block the lindwurm's attack.
The lindwurm claws you but does no damage.
You block the basilisk's attack.
The blink frog barely misses your cane toad.
The blink frog blinks!
Your limbs are stiffening.
You scratch the basilisk.
The basilisk is lightly wounded.
The blink frog blinks!
You block the lindwurm's attack.
The lindwurm claws you but does no damage.
The lindwurm barely misses you. The basilisk gazes at you.
You resist with almost no effort.
Your water moccasin closely misses the basilisk.
The blink frog hits your cane toad.
Your cane toad stings the blink frog.
The blink frog looks as sick as possible!
Your cane toad poisons the blink frog!
You have turned to stone.
Your water moccasin bites the basilisk but does no damage.
The blink frog closely misses your cane toad.
The lindwurm bites you but does no damage.
The lindwurm claws you but does no damage. x2
The basilisk bites you!
* * * LOW HITPOINT WARNING * * *
Your cane toad barely misses the blink frog.
The blink frog hits you but does no damage.
Your basilisk gazes at the basilisk.
The basilisk is moving more slowly.
Your water moccasin bites the basilisk!
The blink frog hits your cane toad!
Your cane toad misses the blink frog.
The lindwurm bites you but does no damage.
The lindwurm claws you but does no damage. x2
The basilisk bites you but does no damage.
The blink frog hits you but does no damage.
Your water moccasin bites the basilisk.
The basilisk is poisoned.
Your water moccasin poisons the basilisk!
The blink frog blinks!
Your basilisk bites the basilisk!
The blink frog hits you.
* * * LOW HITPOINT WARNING * * *
Your cane toad stings the blink frog!
The blink frog dies!
The Council accepts your kill.
Your water moccasin bites the basilisk.
The blink frog blinks!
The lindwurm bites you but does no damage.
The lindwurm claws you.
* * * LOW HITPOINT WARNING * * *
The lindwurm claws you but does no damage.
The basilisk bites your basilisk!
Your basilisk bites the basilisk but does no damage.
The blink frog hits you but does no damage.
Your water moccasin bites the basilisk.
The lindwurm breathes flames at you. The blast of flame hits you! You resist.
* * * LOW HITPOINT WARNING * * *
The blast of flame hits your cane toad!!
Your cane toad dies!
Your cane toad's corpse dissolves into shadows!
The basilisk bites your basilisk! The blink frog hits you.
* * * LOW HITPOINT WARNING * * *
Your water moccasin bites the basilisk.
The basilisk looks as sick as possible!
Your water moccasin poisons the basilisk!
Your basilisk bites the basilisk.
The basilisk stops moving altogether!
The blink frog hits you but does no damage.
The lindwurm breathes flames at you. The blast of flame hits you! You resist.
* * * LOW HITPOINT WARNING * * *
Your water moccasin bites the basilisk but does no damage.
Your basilisk gazes at the basilisk.
The blink frog hits you.
* * * LOW HITPOINT WARNING * * *
Your water moccasin bites the basilisk but does no damage.
The lindwurm bites you!
* * * LOW HITPOINT WARNING * * *
The lindwurm claws you.
* * * LOW HITPOINT WARNING * * *
The lindwurm claws you. The blink frog hits you!
* * * LOW HITPOINT WARNING * * *
The blink frog blinks!
Your basilisk bites the basilisk!
Your water moccasin bites the basilisk.
The basilisk dies!
The Council accepts your kill.
The lindwurm bites you but does no damage.
The lindwurm claws you.
* * * LOW HITPOINT WARNING * * *
The lindwurm claws you but does no damage.
Your basilisk barely misses the lindwurm.
Your water moccasin bites the lindwurm.
The lindwurm bites you!
You die...

#..........=..
#.$...........
#..........#
##.F........#
#.........<#
#..F.......#
##./........#
##...........#
#.l@†........P#
#.kS.........##
#..............
#...............
#................
..............
#.............
#............


You could see a lindwurm (ally target), 2 blink frogs, a friendly basilisk
(summoned) and a friendly water moccasin (summoned).

Vanquished Creatures
  Gastronok (D:8)
  2 hydras (Lair:3)
  Erica (Lair:1)
  A catoblepas (Gauntlet)
  A boulder beetle (Lair:4)
  3 death yaks (Lair:3)
  3 two-headed ogres
  Pikel (D:6)
  3 black mambas
  6 elephants (Lair:3)
  A torpor snail (Gauntlet)
  3 cane toads
  Maggie (D:9)
  An unseen horror (D:10)
  4 komodo dragons
  2 gargoyles (Gauntlet)
  4 rime drakes
  A troll (D:10)
  2 polar bears (Lair:2)
  Prince Ribbit (D:8)
  13 blink frogs
  7 dream sheep (Lair:4)
  3 slime creatures (Lair:4)
  9 flying skulls (Gauntlet)
  26 yaks
  2 wyverns
  2 basilisks
  3 steam dragons
  Menkaure (D:7)
  A warg (D:10)
  2 swamp worms (Lair:3)
  10 water moccasins
  2 ice beasts
  3 orc warriors
  3 sky beasts
  3 black bears
  5 wolves (Lair:2)
  An ogre (D:7)
  4 lemures
  4 centaurs
  3 phantoms
  3 kobold brigands
  8 bullfrogs
  A gnoll sergeant (D:9)
  3 scorpions
  5 wights (D:8)
  4 water moccasin zombies (Ossuary)
  6 killer bees (D:9)
  3 howler monkeys
  5 electric eels
  6 hounds
  4 jellies
  A gnoll bouda (D:4)
  2 iguanas
  6 orc priests
  5 sleepcaps
  Crazy Yiuf (D:3)
  Natasha (D:2)
  5 orc wizards
  2 mummies (Ossuary)
  21 gnolls
  6 adders
  2 river rats (Sewer)
  A shadow imp (D:6)
  2 white imps
  2 ufetubi
  4 adder zombies (Ossuary)
  A worm (D:4)
  2 dart slugs
  46 orcs
  7 ball pythons
  7 endoplasms
  3 giant cockroaches (D:1)
  11 goblins
  7 hobgoblins
  39 kobolds
  7 quokkas
  8 bats
  5 frilled lizards
  5 gnoll zombies (Ossuary)
  4 hobgoblin zombies (Ossuary)
  7 kobold zombies (Ossuary)
  3 orc zombies (Ossuary)
  29 rats
  2 butterflies (D:6)
451 creatures vanquished.

Vanquished Creatures (collateral kills)
  A blink frog (Lair:5)
  A basilisk (Lair:5)
2 creatures vanquished.

Vanquished Creatures (others)
  An orc (D:10)
1 creature vanquished.

Grand Total: 454 creatures vanquished

Notes
Turn   | Place    | Note
-------+----------+-------------------------------------------
     0 | D:1      | GloriousHammer the Troll Fighter began the quest for the
                  | Orb.
     0 | D:1      | Reached XP level 1. HP: 22/22 MP: 0/0
   116 | D:1      | Reached XP level 2. HP: 29/29 MP: 1/1
   672 | D:2      | Reached XP level 3. HP: 36/36 MP: 2/2
  1104 | D:2      | Noticed Natasha
  1111 | D:2      | Killed Natasha
  1112 | D:2      | Reached skill level 3 in Unarmed Combat
  1112 | D:2      | Reached XP level 4. HP: 32/45 MP: 3/3
  1249 | D:2      | Found a faded altar of an unknown god.
  1532 | D:3      | Found a glowing drain.
  1548 | Sewer    | Entered a sewer
  1788 | Sewer    | Reached XP level 5. HP: 45/53 MP: 4/4
  2364 | D:3      | Found a runed translucent door.
  2365 | D:3      | Noticed Crazy Yiuf
  2457 | D:3      | Found a glowing silver altar of Zin.
  2457 | D:3      | Found an ornate altar of the Wu Jian Council.
  2763 | D:3      | Killed Crazy Yiuf
  2942 | D:4      | Found a sand-covered staircase.
  2947 | Ossuary  | Entered an ossuary
  3010 | Ossuary  | Reached skill level 4 in Unarmed Combat
  3010 | Ossuary  | Reached XP level 6. HP: 62/62 MP: 5/5
  3228 | D:4      | Reached XP level 7. HP: 70/70 MP: 6/6
  3730 | D:4      | Found a burning altar of Makhleb.
  3880 | D:3      | Became a worshipper of the Wu Jian Council
  3918 | D:5      | Entered Level 5 of the Dungeon
  3962 | D:5      | Reached skill level 5 in Shields
  3962 | D:5      | Reached skill level 5 in Unarmed Combat
  4156 | D:5      | Found a sparkling altar of Nemelex Xobeh.
  4160 | D:5      | Found a hazy altar of Hepliaklqana.
  4164 | D:5      | Found an iron altar of Okawaru.
  4165 | D:5      | Found a hide-covered altar of Uskayaw.
  4168 | D:5      | Found an opulent altar of Gozag.
  4169 | D:5      | Found a stormy altar of Qazlal.
  4175 | D:5      | Found a basalt altar of Yredelemnul.
  4188 | D:5      | Found a glowing golden altar of the Shining One.
  4300 | D:5      | Reached skill level 5 in Fighting
  4300 | D:5      | Reached XP level 8. HP: 80/80 MP: 7/7
  4713 | D:5      | Reached skill level 6 in Unarmed Combat
  4737 | D:6      | Noticed Pikel
  4752 | D:6      | Killed Pikel
  4896 | D:6      | Reached skill level 7 in Unarmed Combat
  4930 | D:6      | Reached XP level 9. HP: 89/89 MP: 8/8
  5084 | D:6      | Found a staircase to the Ecumenical Temple.
  5091 | D:6      | Reached * piety under Wu Jian
  5542 | D:7      | Reached skill level 8 in Unarmed Combat
  5653 | D:7      | Noticed Menkaure
  5660 | D:7      | Killed Menkaure
  5982 | D:7      | Reached ** piety under Wu Jian
  6392 | D:8      | Reached XP level 10. HP: 31/99 MP: 9/9
  6506 | D:8      | Noticed Prince Ribbit
  6525 | D:8      | Killed Prince Ribbit
  6562 | D:8      | Reached skill level 9 in Unarmed Combat
  6666 | D:8      | Found a flagged portal.
  6696 | Bailey   | Entered a bailey
  6942 | Bailey   | Reached *** piety under Wu Jian
  7046 | D:8      | Noticed Gastronok
  7155 | D:8      | Killed Gastronok
  7460 | D:8      | Found a staircase to the Lair.
  7530 | D:8      | Found a bloodstained altar of Trog.
  7579 | D:9      | Noticed a two-headed ogre
  7609 | D:9      | Killed a two-headed ogre
  7610 | D:9      | Reached skill level 10 in Unarmed Combat
  7708 | D:9      | Found a blossoming altar of Fedhas.
  7711 | D:9      | Found an ancient bone altar of Kikubaaqudgha.
  7907 | D:9      | Noticed Maggie
  7917 | D:9      | Killed Maggie
  8167 | D:9      | Reached XP level 11. HP: 109/111 MP: 10/10
  8217 | D:9      | Noticed a two-headed ogre
  8224 | D:9      | Killed a two-headed ogre
  8469 | D:9      | Found an ancient bone altar of Kikubaaqudgha.
  8482 | D:10     | Entered Level 10 of the Dungeon
  8532 | D:10     | Reached **** piety under Wu Jian
  8533 | D:10     | Reached skill level 1 in Armour
  8551 | D:10     | Reached skill level 11 in Unarmed Combat
  8628 | D:10     | Noticed a two-headed ogre
  8635 | D:10     | Killed a two-headed ogre
  8658 | D:10     | Reached skill level 5 in Dodging
  8733 | D:10     | Noticed Psyche
  9348 | Lair:1   | Entered Level 1 of the Lair of Beasts
  9502 | Lair:1   | Noticed Erica
  9515 | Lair:1   | Killed Erica
 10447 | Lair:2   | Reached XP level 12. HP: 97/122 MP: 11/11
 10451 | Lair:2   | Reached skill level 12 in Unarmed Combat
 11028 | Lair:3   | Noticed a death yak
 11030 | Lair:3   | Noticed a death yak
 11030 | Lair:3   | Noticed a death yak
 11083 | Lair:3   | Found a gate leading to a gauntlet.
 11094 | Gauntlet | Entered a Gauntlet
 11094 | Gauntlet | Found a transporter.
 11094 | Gauntlet | Found a transporter.
 11094 | Gauntlet | Found a runed translucent door.
 11103 | Gauntlet | Found a transporter.
 11106 | Gauntlet | Found a transporter.
 11114 | Gauntlet | Found a transporter.
 11118 | Gauntlet | Found a transporter.
 11124 | Gauntlet | Noticed a reaper
 11126 | Gauntlet | Found a transporter.
 11141 | Gauntlet | Found a runed translucent gate.
 11142 | Gauntlet | Found a transporter.
 11142 | Gauntlet | Found a runed translucent gate.
 11143 | Gauntlet | Found a runed translucent gate.
 11156 | Gauntlet | Found a transporter.
 11160 | Gauntlet | Found a transporter.
 11168 | Gauntlet | Found a transporter.
 11172 | Gauntlet | Found a transporter.
 11172 | Gauntlet | Noticed a catoblepas
 11176 | Gauntlet | Found a runed translucent door.
 11387 | Gauntlet | Killed a catoblepas
 11406 | Gauntlet | Identified the ring of Byprafo {Will+ Int-3 Dex+2 Stlth+}
 11472 | Gauntlet | Reached skill level 10 in Shields
 11554 | Gauntlet | Reached ***** piety under Wu Jian
 11583 | Gauntlet | Identified the +8 chain mail of Spring {SInv}
 11583 | Gauntlet | Noticed a minotaur
 11591 | Gauntlet | HP: 6/123 [minotaur/silver javelin (2)]
 11608 | Gauntlet | Identified the +2 spear of Certain Death {pain, Will+
                  | Dex+3}
 11608 | Gauntlet | Identified the +1 helmet "Dusymiro" {rPois rC+ Int+3}
 11731 | Lair:3   | Noticed a six-headed hydra
 11741 | Lair:3   | Killed a seven-headed hydra
 11750 | Lair:3   | Noticed a five-headed hydra
 11775 | Lair:3   | Killed a nine-headed hydra
 12044 | Lair:3   | Killed a death yak
 12045 | Lair:3   | Reached skill level 13 in Unarmed Combat
 12047 | Lair:3   | Killed a death yak
 12066 | Lair:3   | Killed a death yak
 12226 | Lair:3   | Found a hole to the Spider Nest.
 12391 | Lair:3   | Reached XP level 13. HP: 107/132 MP: 12/12
 12710 | Lair:3   | Found a staircase to the Swamp.
 13172 | Lair:4   | Found a viscous altar of Jiyva.
 13172 | Lair:4   | Found a staircase to the Slime Pits.
 13389 | Lair:4   | Reached skill level 14 in Unarmed Combat
 13530 | Lair:4   | Reached skill level 10 in Fighting
 14049 | Lair:5   | Entered Level 5 of the Lair of Beasts
 14110 | Lair:5   | HP: 3/133 [blink frog (5)]
 14112 | Lair:5   | Slain by a lindwurm

Illustrated notes

Levels and vault maps discovered:
D:1:      dpeg_arrival_rooms_a, layout_basic,
          nicolae_concentric_dashed_squares_wild
D:2:      minmay_door_path, layout_loops_ring,
          shapermc_ecumenical_altar_pompeii, uniq_natasha
D:3:      layout_loops_ring, jmf_multi_god_temple,
          cheibrodos_sewer_entry_sluice, uniq_crazy_yiuf_cottage
D:4:      layout_cave_pods, lightli_temple_of_fire, enter_ossuary_5
D:5:      layout_loops_ring, nicolae_overflow_hallway_of_the_gods, dk_vineyard_3
D:6:      layout_basic, minmay_temple_entry_butterflies, kennysheep_diamond,
          uniq_pikel
D:7:      layout_cave_pods, uniq_menkaure
D:8:      layout_loops_ring, trog_book, lair_entry_dummy, enter_bailey_5,
          uniq_gastronok, uniq_prince_ribbit1
D:9:      layout_basic, grunt_temple_overflow_growth_and_decay, uniq_maggie
D:10:     layout_basic, erik_orc_4, kennysheep_windowed_goal, uniq_psyche
Lair:1:   layout_gridlike, uniq_erica
Lair:2:   layout_roguey, chequers_serial_rivers_room_b, grunt_megastairs_1
Lair:3:   layout_gridlike, palyth_hydra_swamp_entry,
          spider_nest_entry_web_field, gauntlet_entry_generic
Lair:4:   layout_layer_cave, minmay_slime_entry_pillars
Lair:5:   cheibrodos_lair_end_hotspot, layout_regular_city, uniq_josephine

Skill      XL: |  1  2  3  4  5  6  7  8  9 10 11 12 13 |
---------------+----------------------------------------+-----
Shields        | 3 4 5 6 8 9 10 | 10.9
Fighting       | 3 4 5 6 7 8 9 10 | 10.0
Unarmed Combat | 3 4 5 7 8 10 11 13 14 | 14.2
Dodging        | 4 5 6 7 |  7.4
Armour         | 3 |  3.0

Action                     |  1- 3 |  4- 6 |  7- 9 | 10-12 | 13-15 || total
---------------------------+-------+-------+-------+-------+-------++-------
  Melee: Unarmed           |    89 |   299 |   341 |   657 |   157 ||  1543
  Throw: Dart              |       |     1 |     2 |       |       ||     3
         Large rock        |       |       |       |     7 |       ||     7
 Invoke: Serpent's Lash    |       |       |       |     5 |       ||     5
Ability: Lunge             |       |       |    23 |    59 |    10 ||    92
         Whirlwind         |       |       |    27 |   102 |    44 ||   173
  Evoke: Wand              |       |       |     1 |    14 |       ||    15
         Phantom mirror    |       |       |       |     1 |       ||     1
    Use: Scroll            |       |       |       |    17 |     1 ||    18
         Potion            |       |       |       |     3 |       ||     3
   Stab: Sleeping          |     1 |       |       |     6 |       ||     7
 Armour: Robe              |    31 |   115 |   120 |    32 |       ||   298
         Swamp dragon scal |       |       |       |    98 |    66 ||   164
  Dodge: Dodged            |    28 |   109 |    90 |   176 |    24 ||   427
  Block: Kite shield       |    28 |   146 |   111 |   336 |    86 ||   707
         Reflection        |       |       |       |     3 |       ||     3
